 Dungeon Crawl Stone Soup version 0.27-a0-650-g8dd3ea4f36 (webtiles) character file.

Game seed: 2518771192138276136

5 jestyr24 the Skirmisher (level 1, 0/20 HPs)
             Began as a Hill Orc Fighter on Mar 16, 2021.
             Slain by a hobgoblin
             ... wielding a +0 club
              (1 damage)
             ... on level 1 of the Dungeon.
             The game lasted 00:00:47 (217 turns).

jestyr24 the Skirmisher (Hill Orc Fighter)           Turns: 217, Time: 00:00:47

Health: 0/20       AC:  6    Str: 18    XL:     1   Next: 80%
Magic:  1/1        EV:  7    Int:  8    God:
Gold:   15         SH:  9    Dex: 10    Spells: 0/0 levels left

rFire    . . .     SeeInvis .   a - +0 war axe
rCold    . . .     Faith    .   c - +0 kite shield
rNeg     . . .     Spirit   .   b - +0 scale mail
rPois    .         Reflect  .   (no helmet)
rElec    .         Harm     .   (no cloak)
rCorr    .         Rampage  .   (no gloves)
Will     .....                  (no boots)
Stlth    ..........             (no amulet)
HPRegen  0.06/turn              (no ring)
MPRegen  0.07/turn              (no ring)

@: no status effects
A: no striking features
a: no special abilities


You were on level 1 of the Dungeon.
You visited 1 branch of the dungeon, and saw 1 of its levels.

You collected 15 gold pieces.

Inventory:

Hand Weapons
 a - a +0 war axe (weapon)
Armour
 b - a +0 scale mail (worn)
 c - a +0 kite shield (worn)
 g - a +0 pair of gloves
Scrolls
 f - a scroll of identify {unknown}
 h - a scroll of teleportation {unknown}
Potions
 d - a potion of might
 e - a potion of invisibility {unknown}
 i - 2 potions of curing {unknown}


   Skills:
 + Level 3.7 Fighting
 + Level 2.7 Axes
 + Level 3.5 Armour
 + Level 3.3 Shields


You couldn't memorise any spells.
You didn't know any spells.
Your spell library was empty.

Dungeon Overview and Level Annotations

Branches:
Dungeon (1/15)

Altars:


Message History

The giant cockroach is moderately wounded.
You barely miss the bat. You block the bat's attack. x2
The giant cockroach bites you but does no damage. x2
The kobold hits you with a +0 whip. You block the bat's attack.
The bat hits you but does no damage. The giant cockroach barely misses you.
Your shield and scale mail prevent you from hitting the bat.
You hit the giant cockroach.
You kill the giant cockroach!
The bat hits you but does no damage. The bat barely misses you.
The kobold hits you with a +0 whip.
You closely miss the hobgoblin.
Your shield prevents you from hitting the kobold.
The kobold barely misses you. You block the hobgoblin's attack.
The kobold hits you with a +0 whip.
You hit the hobgoblin.
The hobgoblin is moderately wounded.
You hit the kobold.
You kill the kobold!
You block the bat's attack.
The hobgoblin hits you with a +0 club. x2
You closely miss the hobgoblin.
The hobgoblin is moderately wounded.
The bat completely misses you. The hobgoblin closely misses you.
You completely miss the hobgoblin.
The hobgoblin is moderately wounded.
You hit the bat.
You kill the bat!
You block the hobgoblin's attack.
The hobgoblin hits you but does no damage.
Your shield and scale mail prevent you from hitting the hobgoblin.
The hobgoblin is moderately wounded.
You block the hobgoblin's attack. The giant cockroach bites you.
* * * LOW HITPOINT WARNING * * *
The hobgoblin hits you with a +0 club.
* * * LOW HITPOINT WARNING * * *
You barely miss the hobgoblin.
The hobgoblin is moderately wounded.
You closely miss the giant cockroach. You block the giant cockroach's attack.
The hobgoblin hits you with a +0 club.
You die...

####⌠####......#
.++⌠<⌠++..8###.# ...
#. ####⌠####..###.##
#(# #g.
#..#+#..##......# #.#
B.
.........#..###.###.#
.. ............#
#..##.# B##
............# ##.#..#
!.## .############
#.#..##...###. .#
#@g........... .#
##B##.#....### .#
#..#.#.#### ..
##.#.#.# .# #...#.#
##..#+#####
#........# #.>......#
##.......#


You could see a giant cockroach and a hobgoblin.

Vanquished Creatures
  A giant cockroach (D:1)
  A goblin (D:1)
  A kobold (D:1)
  2 bats (D:1)
5 creatures vanquished.

Notes
Turn   | Place    | Note
-------+----------+-------------------------------------------
     0 | D:1      | jestyr24 the Hill Orc Fighter began the quest for the Orb.
     0 | D:1      | Reached XP level 1. HP: 19/19 MP: 1/1
   216 | D:1      | HP: 1/20 [hobgoblin/+0 club (5)]
   217 | D:1      | Slain by a hobgoblin

Illustrated notes

Levels and vault maps discovered:
D:1:      grunt_arrival_crossed_arrows, layout_basic, grunt_decor_junction,
          minmay_cupped

Action                   || total
-------------------------++-------
Melee: War axe           ||    12
Armor: Scale mail        ||     6
Dodge: Dodged            ||     6
Block: Kite shield       ||    10

Table legend: (Time is in decaauts)
 A = Elapsed time spent in this place.
 B = Non-inter-level travel time spent in this place.
 C = Inter-level travel time spent in this place.
 D = Time resting spent in this place.
 E = Time spent auto-exploring this place.
 F = Levels seen in this place.
 G = Mean time per level.
                   A        B        C        D        E       F      G
               +--------+--------+--------+--------+--------+-----+--------+
         Total |    224 |    224 |      0 |      0 |    155 |   1 |  224.0 |
       Dungeon |    224 |    224 |      0 |      0 |    155 |   1 |  224.0 |
               +--------+--------+--------+--------+--------+-----+--------+

Top non-repeatable levels by time:
     D:1: 224 daAuts
